AoeStats
← GreatPerson25

Arabian Desert

508515427Analyzed
1v1 RM · 8d ago on Sep 22, 2026· 24m 23s· 2 players
Game mode
Random Map
Map size
Tiny (2 player)
Population
200
Speed
Normal
Resources
Standard
Victory
Conquest
Starting age
Dark Age
Ending age
Imperial Age
RankedLock teamsTeams togetherTeam positionsShared explorationLock speedFull tech treeHidden civsTurbo modeCheats
Victory
Defeat
🇺🇸 Portuguese · United States
1621
+13
🇨🇴 Berbers · Colombia
1547
-13
GreatPerson25
6:47 Loom
8:58 Feudal Age
9:37 Double-Bit Axe
20:21 Castle Age
19:41 Bloodlines
20:41 Scale Barding Armor
20:25 Crossbowman
21:22 Fletching
22:44 Bodkin Arrow
TRYHC_WRYPIG
6:34 Loom
9:05 Feudal Age
9:42 Double-Bit Axe
19:35 Castle Age
18:27 Fletching
20:59 Scale Barding Armor
Connection lost

Rejoining the realm…

Still unreachable

The connection could not be restored.

Session expired

The server has moved on; the page needs a fresh start.